 Dungeon Crawl Stone Soup version 0.21.1-1-g345015f (webtiles) character file.

59 w00t the Digger (level 4, -8/24 HPs)
             Began as a Gargoyle Earth Elementalist on Feb 20, 2018.
             Killed by divine providence
             ... invoked by an orc priest
              (10 damage)
             ... on level 2 of the Dungeon.
             The game lasted 00:01:04 (1757 turns).

w00t the Digger (Gargoyle Earth Elementalist)       Turns: 1757, Time: 00:01:04

Health: -8/24      AC:  6    Str: 12    XL:     4   Next: 3%
Magic:  0/7        EV: 12    Int: 16    God:
Gold:   66         SH:  0    Dex: 10    Spells: 6/7 levels left

rFire    . . .     SeeInvis .   (no weapon)
rCold    . . .     Gourm    .   (no shield)
rNeg     + . .     Faith    .   c - +0 robe
rPois    ∞         Spirit   .   a - +0 helmet
rElec    +         Reflect  .   (no cloak)
rCorr    .         Harm     .   (no gloves)
MR       .....                  (no boots)
Stlth    ++........             (no amulet)
HPRegen  0.08/turn              (no ring)
MPRegen  0.10/turn              (no ring)

@: no status effects
A: negative energy resistance 1, electricity resistance, unbreathing,
petrification resistance, rot immunity, AC +3
a: no special abilities


You were on level 2 of the Dungeon.
You were not hungry.

You visited 1 branch of the dungeon, and saw 3 of its levels.

You collected 66 gold pieces.

Inventory:

Missiles
 b - a stone (quivered)
 k - 21 sling bullets
Armour
 a - a +0 helmet (worn)
 c - a +0 robe (worn)
Wands
 m - a wand of disintegration (17)
Scrolls
 g - a scroll of blinking {unknown}
 h - a scroll of teleportation {unknown}
 i - a scroll of enchant armour {unknown}
 j - a scroll of amnesia {unknown}
Potions
 l - a potion of agility {unknown}
Books
 e - a book of Geomancy

   Spells                             Type                      Level
   a - Sandblast                      Earth                        1
   b - Passwall                       Transmutation/Earth          2
   c - Stone Arrow                    Conjuration/Earth            3
   d - Petrify                        Transmutation/Earth          4
   e - Lee's Rapid Deconstruction     Earth                        5
Comestibles
 d - 3 rations
 f - 3 chunks of flesh


   Skills:
 - Level 1.5 Dodging
 - Level 2.1 Stealth
 - Level 2.0 Spellcasting
   Level 0.7 Transmutations
 + Level 5.8 Earth Magic


You had 6 spell levels left.
You knew the following spells:

 Your Spells              Type           Power        Failure   Level  Hunger
a - Sandblast             Erth           ###...       1%          1    #......


Dungeon Overview and Level Annotations

Branches:
Dungeon (3/15)

Altars:


Innate Abilities, Weirdness & Mutations

You are resistant to torment.
Your stone body is resilient. (AC +3)
You are immune to poison.
You resist negative energy. (rN+)
You are resistant to electric shocks. (rElec)
You can survive without breathing.
You are immune to petrification.
You are immune to rotting.


Message History

Confirm with . or Enter, or press ? or * to list all spells.
Aiming: Sandblast
Press: ? - help, Shift-Dir - straight line, f/p - orc priest
Aim: an orc priest, wielding a dagger and wearing a chain mail (moderately wounded)
The blast of sand hits the orc priest.
The orc priest is heavily wounded.
b - a stone The orc priest hits you but does no damage.
Casting: Sandblast
Confirm with . or Enter, or press ? or * to list all spells.
You don't have enough magic to cast that spell.
Unknown command.
You barely miss the orc priest.
The orc priest is heavily wounded.
The orc priest barely misses you.
You hit the orc priest but do no damage.
The orc priest is heavily wounded.
The orc priest calls down the wrath of Beogh upon you.
Beogh smites you!
You die...

##.#.#'##.#'##.#'##.#'##.#'##.#.#
##.#.#..#.#..#.#..#.#..#.#..#.#.#
##.#.#..+.'..#.#..'.+.)#.#..#.#.#
##.#.####.####.####.####.####.#.#
##.#..........................#.#
##.#.##########################.#
#..............................#
####.#########.[################
#.# ##@# #.# #o# #.# #.# ## #.#
#.# .####.# #.# ......# #.#
#####.# #.# # #.# #.# #
#.##########.############


You could see an orc priest.

Vanquished Creatures
  An adder (D:2)
  2 oozes (D:2)
  A worm (D:2)
  A dart slug (D:2)
  A leopard gecko (D:2)
  2 orcs
  8 bats
  2 giant cockroaches
  A goblin (D:1)
  2 hobgoblins
  6 kobolds
  2 ball pythons
  A frilled lizard (D:2)
  6 rats
36 creatures vanquished.

Notes
Turn   | Place    | Note
-------+----------+-------------------------------------------
     0 | D:1      | w00t the Gargoyle Earth Elementalist began the quest for the Orb.
     0 | D:1      | Reached XP level 1. HP: 10/10 MP: 3/3
   146 | D:1      | Reached skill level 4 in Earth Magic
   398 | D:1      | Reached XP level 2. HP: 15/15 MP: 3/5
   725 | D:2      | Reached skill level 5 in Earth Magic
   725 | D:2      | Reached XP level 3. HP: 19/19 MP: 4/6
  1552 | D:3      | Reached XP level 4. HP: 24/24 MP: 2/7
  1757 | D:2      | Killed from afar by an orc priest

Skill      XL: |  1  2 |
---------------+-------+-----
Earth Magic    | 4 5 |  5.8
Dodging        | |  1.5
Stealth        | |  2.1
Spellcasting   | |  2.0
Transmutations | |  0.7

Action                   |  1- 3 |  4- 6 || total
-------------------------+-------+-------++-------
Melee: Unarmed           |     3 |     7 ||    10
 Cast: Sandblast         |    47 |    10 ||    57
  Eat: Chunk             |     2 |     1 ||     3
Armor: Robe              |     1 |     5 ||     6
Dodge: Dodged            |     8 |     7 ||    15
